 Dungeon Crawl Stone Soup version 0.31.0-4-g52a2dc7128 (webtiles) character file.

Game seed: 15445049638533913027

62370 browni3141 the Covert (level 15, -7/84 HPs)
             Began as a Kobold Reaver on Jan 23, 2024.
             Was a High Priest of Lugonu.
             Killed from afar by a kobold blastminer (20 damage)
             ... with an iron shot
             ... on level 1 of the Orcish Mines.
             The game lasted 01:30:05 (27870 turns).

browni3141 the Covert (Kobold Reaver)              Turns: 27870, Time: 01:30:06

Health: -7/84      AC:  8    Str: 11    XL:     15   Next: 45%
Magic:  18/29      EV: 26    Int: 14    God:    Lugonu [*****.]
Gold:   2174       SH: 12    Dex: 26    Spells: 13/34 levels left

rFire   . . .        a - +8 short sword of Disembowelment {speed, rElec rPois}
rCold   . . .        u - +2 buckler
rNeg    . . .        v - +1 robe {Will+}
rPois   +            (no helmet)
rElec   +            (no cloak)
rCorr   .            (no gloves)
SInv    .            k - +0 pair of boots
Will    ++...        Q - amulet of the acrobat
Stlth   +++++++      R - +4 ring of protection
HPRegen 0.34/turn    E - +6 ring of dexterity
MPRegen 0.21/turn

%: acrobat
@: studying Unarmed Combat
A: small, no large weapons, nightstalker 3, large bone plates 1, MP-powered
wands
a: Renounce Religion, Depart the Abyss, Banish, Corrupt, Enter the Abyss


You were on level 1 of the Orcish Mines.
You worshipped Lugonu.
Lugonu was extremely pleased with you.
You visited 4 branches of the dungeon, and saw 19 of its levels.
You also visited: Sewer and Volcano.

You collected 3366 gold pieces.
You spent 1192 gold pieces at shops.

Inventory:

Hand Weapons
 a - the +8 short sword of Disembowelment (weapon) {speed, rElec rPois}
   (You found it on level 13 of the Dungeon)

   rElec:     It insulates you from electricity.
   rPois:     It protects you from poison
 b - a +2 dagger of venom
 l - a +0 demon blade of flaming
 w - a +2 dagger of holy wrath
Missiles
 t - 3 curare-tipped darts
 J - 98 poisoned darts (quivered)
 T - 8 boomerangs
 Z - a throwing net
Armour
 k - a +0 pair of boots (worn)
 u - a +2 buckler (worn)
 v - a +1 robe of willpower (worn)
 A - a +1 pair of boots of flying
 F - a +2 robe
 G - a +1 troll leather armour {Snorg}
Jewellery
 r - the ring of Gett {rCorr Dex+2}
   (You found it on level 12 of the Dungeon)

   [ring of resist corrosion]

   Dex+2:     It affects your dexterity (+2).
   rCorr:     It protects you from acid and corrosion.
 y - a ring of willpower
 E - a +6 ring of dexterity (right hand)
 P - a ring of positive energy
 Q - an amulet of the acrobat (around neck)
 R - a +4 ring of protection (left hand)
 Y - a ring of protection from cold
Wands
 p - a wand of polymorph (3)
 I - a wand of iceblast (3)
 V - a wand of flame (14)
 X - a wand of digging (13)
Scrolls
 e - 5 scrolls of teleportation
 f - 3 scrolls of blinking
 g - 5 scrolls of immolation
 j - 2 scrolls of enchant armour
 n - a scroll of revelation
 s - 2 scrolls of vulnerability
 x - 3 scrolls of enchant weapon
 B - 3 scrolls of noise
 K - 3 scrolls of poison
 N - 4 scrolls of fear
Potions
 c - a potion of cancellation
 d - a potion of resistance
 h - 4 potions of haste
 i - 5 potions of invisibility
 m - a potion of magic
 o - 2 potions of degeneration
 z - 3 potions of brilliance
 C - 3 potions of curing
 H - 7 potions of heal wounds
 L - 3 potions of lignification
 M - 4 potions of might
 O - 2 potions of ambrosia {unknown}
 S - 3 potions of enlightenment
 U - a potion of berserk rage
 W - 8 potions of mutation
Miscellaneous
 q - a tin of tremorstones (inert)
 D - a lightning rod (2/4)


   Skills:
 + Level 6.5 Fighting
 - Level 12.9 Short Blades
 * Level 11.7 Dodging
 - Level 14.0 Stealth
 - Level 4.0 Shields
 - Level 10.2 Spellcasting
 - Level 3.0 Conjurations
 - Level 8.0 Hexes
 * Level 3.2 Summonings
 * Level 6.5 Translocations
 * Level 11.4 Invocations
 - Level 8.0 Evocations


You had 13 spell levels left.
You knew the following spells:

 Your Spells              Type           Power      Damage    Failure   Level
a - Teleport Other        Tloc           25%        N/A       3%          3
b - Passage of Golubria   Tloc           25%        N/A       10%         4
c - Summon Mana Viper     Hex/Summ       22%        N/A       38%         5
l - Lesser Beckoning      Tloc           50%        N/A       1%          2
t - Tukima's Dance        Hex            29%        N/A       1%          3
A - Apportation           Tloc           50%        N/A       1%          1
B - Blink                 Tloc           50%        N/A       1%          2
K - Kiss of Death         Conj/Necr      44%        2d8       8%          1

Your spell library contained the following spells:

 Spells                   Type           Power      Damage    Failure   Level
 Summon Small Mammal      Summ           64%        N/A       3%          1
 Momentum Strike          Conj/Tloc      40%        3d9       3%          2
 Gell's Gravitas          Tloc           25%        N/A       3%          3
 Foxfire                  Conj/Fire      44%        2x1d6     8%          1
 Sting                    Conj/Alch      44%        1d5       8%          1
 Freeze                   Ice            28%        1d5       14%         1
 Necrotise                Necr           28%        1d5       14%         1
 Mercury Vapours          Alch/Air       14%        N/A       22%         2
 Hailstorm                Conj/Ice       11%        3d6       24%         3
 Frozen Ramparts          Ice            14%        1d3       41%         3
 Summon Forest            Summ/Tloc      10%        N/A       47%         5
 Animate Armour           Summ/Erth      22%        N/A       58%         4
 Summon Lightning Spire   Summ/Air       11%        N/A       58%         4
 Yara's Violent Unravell  Hex/Alch       9%         3d6       61%         5
 Animate Dead             Necr           7%         N/A       82%         4
 Olgreb's Toxic Radiance  Alch           7%         N/A       82%         4
 Dispersal                Tloc           12%        N/A       83%         6
 Lee's Rapid Deconstruct  Erth           3%         3d5*      99%         5
 Summon Cactus Giant      Summ           8%         N/A       99%         6
 Plasma Beam              Fire/Air       3%         2x1d13    100%        6
 Starburst                Conj/Fire      5%         6d4       100%        6
 Haunt                    Necr/Summ      5%         N/A       100%        7
 Infestation              Necr           3%         N/A       100%        8


Dungeon Overview and Level Annotations

Branches:
Dungeon (15/15)            Temple (1/1) D:4            Lair (0/5) D:10
    Orc (2/2) D:12            Elf (0/3) Orc:2        Vaults (0/5) D:13
 Depths (1/4) D:15          Sewer (visited)         Volcano (visited)

Altars:
Ashenzari
Cheibriados
Dithmenos
Elyvilon
Fedhas
Gozag
Hepliaklqana
Kikubaaqudgha
Makhleb
Nemelex Xobeh
Okawaru
Qazlal
Ru
Sif Muna
Trog
Uskayaw
Vehumet
Wu Jian
Xom
Yredelemnul
Zin
The Shining One
Lugonu

Shops:
D:14 !!   Orc:2 =!(

Portals:
Trove: D:15 (give 4 scrolls of blinking)

Annotations:
D:2 exclusion: jackal, Terence
D:3 2 transporters, middlethird's ghost, weakling VSCj
D:6 1 runed translucent door, exclusion: door, Hsik's ghost, novice DjWn
D:10 3 runed translucent doors, exclusions: 3 doors and downstairs, zureal's ghost, journeyman OpBe
D:11 1 runed translucent door, exclusion: door
D:14 exclusion: orange crystal statue
Orc:2 exclusion: 4 doors


Innate Abilities, Weirdness & Mutations

You are small and have problems with some larger weapons.
You are completely attuned to the shadows.
You are partially covered in large bone plates. (SH +4)
You expend magic power (3 MP) to strengthen your wands.


Message History

Your +0 dire flail falls from the air.
Things that are here:
a +0 giant club; a +0 giant club You now have 2174 gold pieces (gained 24).
Things that are here:
a +0 short sword; a +0 leather armour; an orc corpse Key pressed, stopping explore.
A kobold blastminer comes into view.
The kobold blastminer shouts!
You hear a shout! x2
The kobold blastminer blasts its cannon at you.
You block the iron shot.
You hear a shout!
A kobold blastminer is nearby!
A kobold blastminer is nearby!
A kobold blastminer is nearby!
The kobold blastminer wields a +0 arbalest.
The kobold blastminer shoots a bolt.
The bolt misses you.
A kobold blastminer comes into view.
Casting: Tukima's Dance (safe; 1% risk of failure)
Confirm with . or Enter, or press ? or * to list all spells.
Aiming: Tukima's Dance (safe; 1% risk of failure)
Press: ? - help, Shift-Dir - straight line, f - kobold blastminer
Aim: a kobold blastminer, wielding a +0 arbalest (chance to affect: 59%)
The +0 arbalest dances into the air!
Casting: Tukima's Dance (safe; 1% risk of failure)
Confirm with . or Enter, or press ? or * to list all spells.
Aiming: Tukima's Dance (safe; 1% risk of failure)
Press: ? - help, Shift-Dir - straight line, f - you, p - kobold blastminer That would be overly suicidal.
Okay, then.
Unknown command.
You hit the kobold blastminer.
The kobold blastminer is lightly wounded.
The kobold blastminer wields a +2 heavy arbalest.
The kobold blastminer shoots a bolt.
The bolt hits you!!
You are too injured to fight recklessly!
Casting: Tukima's Dance (safe; 1% risk of failure)
Confirm with . or Enter, or press ? or * to list all spells.
Aiming: Tukima's Dance (safe; 1% risk of failure)
Press: ? - help, Shift-Dir - straight line, f - kobold blastminer
Aim: a kobold blastminer, wielding a +2 heavy arbalest (chance to affect: 59%)
The kobold blastminer resists with significant effort.
You block the kobold blastminer's attack.
Casting: Tukima's Dance (safe; 1% risk of failure)
Confirm with . or Enter, or press ? or * to list all spells.
Aiming: Tukima's Dance (safe; 1% risk of failure)
Press: ? - help, Shift-Dir - straight line, f/p - kobold blastminer
Aim: a kobold blastminer, wielding a +2 heavy arbalest (chance to affect: 59%)
The kobold blastminer resists with significant effort.
The kobold blastminer shoots a bolt.
The bolt hits you!!
* * * LOW HITPOINT WARNING * * *
The kobold blastminer hits you but does no damage.
Casting: Tukima's Dance (safe; 1% risk of failure)
Confirm with . or Enter, or press ? or * to list all spells.
Aiming: Tukima's Dance (safe; 1% risk of failure)
Press: ? - help, Shift-Dir - straight line, f/p - kobold blastminer
Aim: a kobold blastminer, wielding a +2 heavy arbalest (chance to affect: 59%)
The +2 heavy arbalest dances into the air!
The kobold blastminer misses you.
You hit the kobold blastminer.
The kobold blastminer is lightly wounded.
You hit the kobold blastminer.
The kobold blastminer is lightly wounded.
Your +0 arbalest shoots a bolt.
The bolt hits the kobold blastminer!
The kobold blastminer hits you but does no damage.
You hit the kobold blastminer but do no damage.
The kobold blastminer is heavily wounded.
You closely miss the kobold blastminer.
The kobold blastminer is heavily wounded.
The kobold blastminer completely misses you.
You barely miss the kobold blastminer.
The kobold blastminer is heavily wounded.
The kobold blastminer closely misses you.
You hit the kobold blastminer.
The kobold blastminer is heavily wounded.
Your +2 heavy arbalest shoots a bolt.
The bolt completely misses the kobold blastminer.
You block the kobold blastminer's attack.
You hit the kobold blastminer.
The kobold blastminer is severely wounded.
Your +0 arbalest shoots a bolt.
The bolt completely misses the kobold blastminer.
The kobold blastminer hits you!
* * * LOW HITPOINT WARNING * * *
You closely miss the kobold blastminer.
The kobold blastminer is severely wounded.
A bolt appears from out of your range of vision.
The bolt hits your +2 heavy arbalest.
You hear a shout!
You hit the kobold blastminer.
The kobold blastminer is almost dead.
The kobold blastminer blasts its cannon at you.
The iron shot hits you!
* * * LOW HITPOINT WARNING * * *
The kobold blastminer is knocked back by the blast.
You barely miss the kobold blastminer.
The kobold blastminer is almost dead.
The kobold blastminer blasts its cannon at you.
The iron shot hits you!!
You die...

.....##.#.)))....#
.....##......)..#.
##.......#.#.)..#
##......#####†....
##......#.#......
...........>.....
.................
..#........(..
##.....@K#.#
##.........
#....K...#
...(.....
.........


You could see 2 kobold blastminers and 2 friendly dancing weapons.

Vanquished Creatures
  A frost giant (D:13)
  An orc warlord (Orc:2)
  A stone giant (Depths:1)
  Nessos (D:13)
  Snorg (D:13)
  3 ettins
  A quicksilver dragon zombie (D:15)
  2 ogre magi (Orc:2)
  A hydra (D:13)
  2 boulder beetles
  2 catoblepae
  3 death yaks
  6 centaur warriors
  3 two-headed ogres
  A vampire mage (D:15)
  A fire crab (Volcano)
  A skeletal warrior (D:14)
  A deep troll (D:13)
  A large abomination (Depths:1)
  Lodul (D:13)
  A deep elf pyromancer (D:14)
  A necromancer (D:15)
  Pikel (D:6)
  A phantasmal warrior (D:13)
  2 orc sorcerers
  12 ugly things
  6 cyclopes
  A manticore (D:12)
  A meliai (shapeshifter) (D:13)
  A molten gargoyle (Volcano)
  A komodo dragon (D:11)
  3 gargoyles
  A yaktaur (D:15)
  An unseen horror (D:12)
  3 kobold demonologists
  A tengu conjurer (D:11)
  2 trolls
  A raiju (shapeshifter) (D:15)
  A hornet (D:10)
  Prince Ribbit (D:8)
  11 slime creatures
  A vampire (D:10)
  A spriggan (shapeshifter) (D:11)
  A wraith (D:11)
  2 shadows (D:11)
  Eustachio (D:5)
  A spriggan skeleton (D:15)
  12 yaks
  2 wyverns
  3 basilisks
  14 fire bats (Volcano)
  A steam dragon (D:4)
  10 vampire mosquitoes
  3 chaos spawn (Depths:1)
  2 water moccasins
  A hell hound (Volcano)
  An acid dragon (D:13)
  Duvessa (D:7)
  20 orc warriors
  An ice beast (D:5)
  3 sky beasts
  A black bear (D:5)
  2 small abominations (Depths:1)
  A laughing skull (D:9)
  14 ogres
  10 centaurs
  2 lemures (D:7)
  18 kobold brigands
  3 bullfrogs
  4 gnoll sergeants
  3 scorpions
  10 wights
  6 killer bees (D:8)
  Dowan (D:7)
  3 howler monkeys
  5 lava snakes (Volcano)
  2 jellies
  5 hounds
  12 orc priests
  A bombardier beetle (D:5)
  A gnoll bouda (D:6)
  2 sleepcaps
  2 iguanas
  29 orc wizards
  11 gnolls
  9 adders
  A river rat (Sewer)
  2 ufetubi (D:6)
  2 ribbon worms
  3 dart slugs
  60 orcs
  3 bats
  10 endoplasms
  2 giant cockroaches
  5 goblins
  2 hobgoblins (D:1)
  7 jackals
  45 kobolds
  8 ball pythons
  6 frilled lizards
  21 rats
502 creatures vanquished.

Vanquished Creatures (collateral kills)
  A fire dragon (Depths:1)
  2 two-headed ogres
  2 tengu warriors (D:13)
  A deep elf pyromancer (D:13)
  3 ugly things (D:15)
  A gargoyle (D:13)
  3 orc warriors
  A wight (D:7)
  An orc wizard (Orc:2)
  3 gnolls
  5 orcs (Orc:2)
23 creatures vanquished.

Vanquished Creatures (others)
  An arcanist (D:14)
  A deep elf pyromancer (D:15)
  A steam dragon (D:13)
  6 dancing weapons
  An orc wizard (Orc:2)
10 creatures vanquished.

Grand Total: 535 creatures vanquished

Notes
Turn   | Place    | Note
-------+----------+-------------------------------------------
     0 | D:1      | browni3141 the Kobold Reaver began the quest for the Orb.
     0 | D:1      | Reached XP level 1. HP: 12/12 MP: 3/3
    81 | D:1      | Reached skill level 1 in Stealth
    96 | D:1      | Reached skill level 2 in Stealth
    96 | D:1      | Reached XP level 2. HP: 17/17 MP: 5/5
   322 | D:1      | Reached skill level 3 in Stealth
   588 | D:1      | Reached XP level 3. HP: 21/21 MP: 6/6
  1519 | D:2      | Noticed Terence
  1697 | D:2      | Reached skill level 3 in Dodging
  1709 | D:3      | Reached XP level 4. HP: 18/20 MP: 7/7
  2023 | D:3      | Found a transporter.
  2027 | D:3      | Noticed a small abomination
  2037 | D:3      | Found a transporter.
  2055 | D:3      | Noticed middlethird's ghost (weakling VSCj)
  2156 | D:3      | Reached skill level 4 in Stealth
  2274 | D:3      | Found a sparkling altar of Nemelex Xobeh.
  2418 | D:3      | Found a faded altar of an unknown god.
  2419 | D:3      | Found a hide-covered altar of Uskayaw.
  2548 | D:4      | Found a stormy altar of Qazlal.
  2713 | D:4      | Learned a level 3 spell: Tukima's Dance
  2826 | D:4      | Reached XP level 5. HP: 28/28 MP: 8/8
  2830 | D:4      | Noticed a sky beast
  2965 | D:4      | Noticed a steam dragon
  3117 | D:4      | Noticed a kobold brigand
  3181 | D:4      | Killed a sky beast
  3182 | D:4      | Reached skill level 3 in Fighting
  3182 | D:4      | Reached XP level 6. HP: 21/35 MP: 6/9
  3287 | D:4      | Found a hazy altar of Hepliaklqana.
  3369 | D:4      | Found a staircase to the Ecumenical Temple.
  3402 | Temple   | Entered the Ecumenical Temple
  3447 | Temple   | Became a worshipper of Lugonu the Unformed
  3550 | D:4      | Reached skill level 3 in Hexes
  3660 | D:3      | Learned a level 3 spell: Teleport Other
  3700 | D:4      | Found a shimmering blue altar of Sif Muna.
  3816 | D:4      | Reached XP level 7. HP: 36/41 MP: 10/10
  3839 | D:5      | Entered Level 5 of the Dungeon
  3845 | D:5      | Reached skill level 3 in Invocations
  4325 | D:5      | Noticed Eustachio
  4355 | D:5      | Reached skill level 3 in Translocations
  4634 | D:5      | Killed Eustachio
  4635 | D:5      | Reached XP level 8. HP: 35/46 MP: 9/11
  4853 | D:5      | Found a shadowy altar of Dithmenos.
  5165 | D:6      | Found a burning altar of Makhleb.
  5359 | D:6      | Found a runed translucent door.
  5359 | D:6      | Found a shimmering altar of Xom.
  5359 | D:6      | Noticed Hsik's ghost (novice DjWn)
  5377 | D:6      | Reached skill level 5 in Stealth
  5502 | D:6      | Reached skill level 6 in Stealth
  5598 | D:6      | Found a glowing drain.
  5621 | Sewer    | Entered a sewer
  5840 | Sewer    | Reached * piety under Lugonu
  5886 | Sewer    | Reached skill level 6 in Dodging
  6060 | Sewer    | Reached XP level 9. HP: 46/50 MP: 12/12
  6376 | D:6      | Reached skill level 7 in Stealth
  6583 | D:6      | Reached skill level 6 in Short Blades
  6662 | D:6      | Gained mutation: You are partially covered in large bone
                  | plates. (SH +4) [potion of mutation]
  6662 | D:6      | Gained mutation: You expend magic power (3 MP) to
                  | strengthen your wands. [potion of mutation]
  6673 | D:6      | Reached ** piety under Lugonu
  6907 | D:5      | Reached skill level 8 in Stealth
  7417 | D:6      | Noticed a +2 short sword of chaos
  7720 | D:6      | Found a burning altar of Makhleb.
  7950 | D:7      | Noticed Pikel
  7977 | D:6      | Killed Pikel
  8090 | D:7      | Reached skill level 3 in Evocations
  8124 | D:8      | Reached XP level 10. HP: 34/56 MP: 8/14
  8326 | D:7      | Noticed Duvessa
  8328 | D:7      | Killed Duvessa
  8329 | D:7      | Reached skill level 6 in Invocations
  8335 | D:7      | Noticed Dowan
  8337 | D:7      | Killed Dowan
  8543 | D:7      | Found an opulent altar of Gozag.
  9523 | D:7      | Reached skill level 9 in Dodging
  9620 | D:7      | Reached skill level 3 in Shields
 10189 | D:8      | Found a shimmering altar of Xom.
 10339 | D:8      | Found a glowing golden altar of the Shining One.
 10498 | D:8      | Found an ancient bone altar of Kikubaaqudgha.
 10518 | D:8      | Noticed Prince Ribbit
 10522 | D:8      | Killed Prince Ribbit
 10522 | D:8      | Reached *** piety under Lugonu
 10787 | D:8      | Found a snail-covered altar of Cheibriados.
 10855 | D:8      | Found an ornate altar of the Wu Jian Council.
 10953 | D:8      | Noticed a kobold demonologist
 10956 | D:8      | Reached XP level 11. HP: 60/60 MP: 15/15
 11129 | D:8      | Learned a level 2 spell: Blink
 11131 | D:8      | Learned a level 1 spell: Apportation
 11134 | D:8      | Learned a level 2 spell: Lesser Beckoning
 11494 | D:9      | Reached skill level 6 in Hexes
 11772 | D:9      | Reached skill level 3 in Spellcasting
 12076 | D:10     | Entered Level 10 of the Dungeon
 12097 | D:9      | Reached **** piety under Lugonu
 12268 | D:10     | Reached skill level 9 in Stealth
 12353 | D:10     | Noticed a death yak
 12356 | D:10     | Noticed a death yak
 12357 | D:10     | Noticed a death yak
 12776 | D:10     | Found a runed translucent gate.
 12777 | D:10     | Found a runed translucent gate.
 12777 | D:10     | Found a runed translucent gate.
 12780 | D:10     | Noticed zureal's ghost (journeyman OpBe)
 12780 | D:10     | Noticed a 12-headed hydra
 12868 | D:10     | Found a sacrificial altar of Ru.
 13116 | D:10     | Noticed a two-headed ogre
 13145 | D:10     | Killed a two-headed ogre
 13352 | D:11     | Reached skill level 10 in Stealth
 13962 | D:11     | Noticed a cyan ugly thing
 14000 | D:11     | Killed a cyan ugly thing
 14200 | D:11     | Reached skill level 11 in Stealth
 14527 | D:11     | Found a runed translucent door.
 14528 | D:11     | Noticed a phantasmal warrior
 14544 | D:11     | Reached XP level 12. HP: 62/64 MP: 20/20
 14653 | D:11     | Noticed a two-headed ogre
 14658 | D:11     | Killed a two-headed ogre
 14833 | D:11     | Found Umpam's Jewellery Emporium.
 14842 | D:11     | Noticed a boulder beetle
 14846 | D:11     | Killed a boulder beetle
 14847 | D:11     | Reached skill level 6 in Spellcasting
 15026 | D:12     | Reached skill level 6 in Evocations
 15031 | D:12     | Noticed a centaur warrior
 15042 | D:12     | Killed a centaur warrior
 15541 | D:12     | Found a staircase to the Orcish Mines.
 15722 | D:12     | You fall into a shaft and drop 2 floors!
 15722 | D:14     | Found Takkoush's Distillery.
 15726 | D:14     | Bought a potion of invisibility for 120 gold pieces
 15732 | D:14     | Noticed an arcanist
 15736 | D:14     | Noticed a two-headed ogre
 15748 | D:14     | Reached skill level 12 in Stealth
 15760 | D:14     | Killed a two-headed ogre
 16025 | D:13     | Noticed a four-headed hydra
 16329 | D:11     | Reached ***** piety under Lugonu
 16510 | D:12     | Noticed a two-headed ogre
 16542 | D:12     | Killed a two-headed ogre
 16543 | D:12     | Reached skill level 9 in Short Blades
 17055 | D:12     | Identified the ring of Gett {rCorr Dex+2}
 17146 | D:13     | Reached XP level 13. HP: 72/72 MP: 23/23
 17157 | D:13     | Noticed a frost giant
 17402 | D:13     | Noticed a centaur warrior
 17404 | D:13     | Killed a centaur warrior
 17726 | D:13     | Noticed Lodul
 17728 | D:13     | Killed Lodul
 18170 | D:13     | Noticed a catoblepas
 18172 | D:13     | Identified the +8 short sword of Disembowelment {speed,
                  | rElec rPois}
 18261 | D:13     | Noticed Nessos
 18264 | D:13     | Killed Nessos
 18574 | D:13     | Noticed an ettin
 18581 | D:13     | Learned a level 4 spell: Passage of Golubria
 18594 | D:13     | Killed an ettin
 18595 | D:13     | Reached skill level 9 in Invocations
 18649 | D:13     | Found a gate to the Vaults.
 18719 | D:13     | Noticed Snorg
 18722 | D:13     | Killed Snorg
 18743 | D:13     | Killed a catoblepas
 18744 | D:13     | Reached skill level 6 in Fighting
 18893 | D:13     | Noticed a centaur warrior
 18907 | D:13     | Killed a frost giant
 18907 | D:13     | Killed a centaur warrior
 19002 | D:13     | Reached skill level 9 in Spellcasting
 19425 | D:13     | Killed a four-headed hydra
 19426 | D:13     | Reached XP level 14. HP: 80/80 MP: 27/27
 19912 | D:10     | Found a staircase to the Lair.
 19966 | D:9      | Reached skill level 12 in Short Blades
 20336 | D:10     | Found a sacrificial altar of Ru.
 20720 | D:10     | Found a runed translucent gate.
 20721 | D:10     | Found a runed translucent gate.
 20721 | D:10     | Found a runed translucent gate.
 21743 | D:14     | Found Hausaph's Distillery.
 21746 | D:14     | Bought a potion of heal wounds for 85 gold pieces
 22222 | D:15     | Entered Level 15 of the Dungeon
 22252 | D:15     | Found a staircase to the Depths.
 22984 | D:15     | Found a portal to a secret trove of treasure.
 23763 | D:14     | Bought a potion of curing for 51 gold pieces
 23763 | D:14     | Bought a potion of might for 68 gold pieces
 23763 | D:14     | Bought a potion of berserk rage for 85 gold pieces
 23763 | D:14     | Bought a potion of haste for 170 gold pieces
 23763 | D:14     | Bought a potion of invisibility for 136 gold pieces
 23763 | D:14     | Bought a potion of enlightenment for 85 gold pieces
 23995 | D:15     | Reached skill level 13 in Stealth
 24487 | Depths:1 | Entered Level 1 of the Depths
 24494 | Depths:1 | Learned a level 5 spell: Summon Mana Viper
 24816 | Depths:1 | Paralysed by a chaos spawn for 1 turns
 24834 | Depths:1 | Noticed a stone giant
 24849 | Depths:1 | Noticed a cyan very ugly thing
 24850 | Depths:1 | Noticed a cyan very ugly thing
 24851 | Depths:1 | Reached XP level 15. HP: 38/84 MP: 14/29
 24851 | Depths:1 | Killed a stone giant
 24880 | Depths:1 | Banished a cyan very ugly thing
 24979 | Orc:1    | Entered Level 1 of the Orcish Mines
 25035 | Orc:2    | Entered Level 2 of the Orcish Mines
 25129 | Orc:2    | Found Quar's Jewellery Shop.
 25242 | Orc:2    | Found a dark tunnel.
 25248 | Volcano  | Entered a volcano
 25385 | Volcano  | Reached skill level 6 in Translocations
 25435 | Volcano  | Found a radiant altar of Vehumet.
 26412 | Orc:2    | Found a staircase to the Elven Halls.
 26637 | Orc:2    | Found Owonnu's Distillery.
 26667 | Orc:2    | Bought a potion of heal wounds for 70 gold pieces
 26667 | Orc:2    | Bought 2 potions of heal wounds for 140 gold pieces
 26667 | Orc:2    | Bought a potion of lignification for 42 gold pieces
 26667 | Orc:2    | Bought a potion of haste for 140 gold pieces
 26813 | Orc:2    | Found Piwud's Antique Weapon Boutique.
 26891 | Orc:2    | Noticed an orc warlord
 27041 | Orc:2    | Killed an orc warlord
 27494 | Orc:1    | Reached skill level 14 in Stealth
 27494 | Orc:1    | Reached skill level 3 in Summonings
 27870 | Orc:1    | Killed from afar by a kobold blastminer

Illustrated notes

Levels and vault maps discovered:
D:1:      minmay_arrival_doors, layout_loops_ring, hex_tiny
D:2:      layout_loops_ring, cheibrodos_gnoll_hut, uniq_terence
D:3:      layout_loops_ring, nemelex_dance_club_becter,
          nicolae_overflow_ecumenical_swirl, gammafunk_ghost_abyssal_escape
D:4:      layout_basic, mainiacjoe_overflow_concentric_impassable,
          nicolae_qazlal_scattered_showers, general_overflow_altar,
          minmay_temple_entry_butterflies, minmay_manual_monstrance
D:5:      layout_loops_ring, lemuel_doored_altar, uniq_eustachio
D:6:      minmay_clustersquares, layout_cave_pools,
          mainiacjoe_overflow_alcove_2, gup_sewer_entry_glass, ebering_ghost_xom
D:7:      layout_gridville, lemuel_coloured_pillars_altar, uniq_duvessa,
          uniq_pikel
D:8:      layout_loops_ring, lemuel_crystal_altar,
          mainiacjoe_overflow_surrounded_room,
          mainiacjoe_overflow_small_starburst,
          mainiacjoe_overflow_large_starburst, special_room
          [special_room_kobold], uniq_prince_ribbit1
D:9:      layout_gridville, kennysheep_just_a_vault
D:10:     layout_roguey, hangedman_ru_absence, dpeg_lair_monsters,
          gammafunk_ghost_hydra_chop
D:11:     layout_stronghold, serial_shops, shop, minivault_13
D:12:     layout_rooms, david_orc_3
D:13:     hourglass_vault, layout_irregular_city, david_vaults_4, uniq_lodul,
          uniq_snorg, uniq_nessos
D:14:     layout_loops_cross, serial_shops, nicolae_shop_industrial_runoff,
          nicolae_shop_real_fake_doors, serial_bayou_pond_b,
          minmay_statue_bubble
D:15:     gammafunk_depths_entry_grave, layout_basic, enter_trove_6
Temple:   corrupted_temple
Orc:1:    layout_diamond_mine, nicolae_orc_pool_cavern
Orc:2:    kennysheep_orc_mage_school, layout_caves, serial_shops, shop,
          enter_volcano_1
Depths:1: layout_roguey, minmay_room_of_horrors, hell_entry, serial_glass,
          glass_columns_a, glass_columns_c, glass_columns_a, glass_columns_a,
          glass_columns_c, kennysheep_cross_room, amcnicky_mini_pool_small,
          nicolae_diode_stairs

Skill      XL: |  1  2  3  4  5  6  7  8  9 10 11 12 13 14 15 |
---------------+----------------------------------------------+-----
Stealth        | 2 3 4 6 8 11 12 13 14 | 14.0
Dodging        | 3 4 6 8 10 11 | 11.7
Fighting       | 3 4 6 |  6.5
Hexes          | 2 3 5 6 7 8 |  8.0
Short Blades   | 5 7 9 11 12 | 12.9
Invocations    | 2 4 5 6 7 10 11 | 11.4
Translocations | 1 3 4 5 6 |  6.5
Evocations     | 3 5 7 8 |  8.0
Shields        | 1 4 |  4.0
Spellcasting   | 5 7 9 10 | 10.2
Summonings     | 1 3 |  3.2
Conjurations   | |  3.0

Action                     |  1- 3 |  4- 6 |  7- 9 | 10-12 | 13-15 || total
---------------------------+-------+-------+-------+-------+-------++-------
  Melee: Dagger            |    94 |   141 |   131 |   603 |   417 ||  1386
         Short sword       |     2 |       |       |       |   719 ||   721
         Punch             |       |     4 |     9 |       |       ||    13
         Rapier            |       |       |   380 |   335 |     7 ||   722
         Long sword        |       |       |       |    33 |    22 ||    55
  Throw: Dart              |       |       |    47 |    47 |    76 ||   170
   Cast: Kiss of Death     |     2 |     3 |     4 |     1 |       ||    10
         Tukima's Dance    |       |       |     2 |    48 |    46 ||    96
         Teleport Other    |       |       |     1 |     1 |     3 ||     5
         Blink             |       |       |       |    11 |    22 ||    33
         Apportation       |       |       |       |       |     7 ||     7
         Passage of Golubr |       |       |       |       |     2 ||     2
 Invoke: Banish            |       |       |       |     1 |     8 ||     9
  Evoke: Wand              |       |       |     8 |    11 |    17 ||    36
         Lightning rod     |       |       |       |     8 |    14 ||    22
         Tin of tremorston |       |       |       |     2 |     3 ||     5
    Use: Scroll            |     1 |       |     1 |     9 |     7 ||    18
         Potion            |       |       |     4 |     1 |     1 ||     6
   Stab: Sleeping          |    13 |    12 |     7 |    21 |    33 ||    86
         Distracted        |       |       |     3 |     5 |     5 ||    13
         Confused          |       |       |       |       |     1 ||     1
 Armour: Leather armour    |    42 |    49 |   239 |       |       ||   330
         Robe              |       |       |     6 |   209 |    85 ||   300
         Troll leather arm |       |       |       |       |   188 ||   188
  Dodge: Dodged            |    55 |    77 |   465 |   534 |   412 ||  1543
  Block: Buckler           |       |       |    15 |   487 |   409 ||   911
         Other             |       |       |    14 |       |       ||    14
